 Dungeon Crawl Stone Soup version 0.29-a0-359-g541a27f54d (webtiles) character file.

Game seed: 400120703609437211

3793 Morbidden the Reanimator (level 9, -1/68 HPs)
             Began as a Demonspawn Necromancer on Apr 27, 2022.
             Was a Priest of Cheibriados.
             Killed from afar by an acid dragon (35 damage)
             ... with a splash of acid
             ... on level 8 of the Dungeon.
             The game lasted 00:12:54 (9558 turns).

Morbidden the Reanimator (Demonspawn Necromancer)   Turns: 9558, Time: 00:12:55

Health: -1/68      AC:  4    Str: 16    XL:     9   Next: 96%
Magic:  16/19      EV: 15    Int: 26    God:    Cheibriados [***...]
Gold:   330        SH:  0    Dex: 25    Spells: 4/21 levels left

rFire   . . .      SeeInvis .     - Unarmed
rCold   . . .      Faith    .   (no shield)
rNeg    . . .      Spirit   .   y - +2 robe {Will+}
rPois   .          Reflect  .   q - +0 helmet
rElec   .          Harm     .   (no cloak)
rCorr   .          Rampage  .   (no gloves)
Will    +....                   (no boots)
Stlth   +++.......              i - amulet of regeneration
HPRegen 1.01/turn               m - +6 ring of dexterity
MPRegen 0.16/turn               (no ring)

@: corroded, studying Fighting, very slow
A: claws 2, molten scales 2, powered by death 1, powered by pain 1
a: Renounce Religion, Bend Time, Temporal Distortion


You were on level 8 of the Dungeon.
You worshipped Cheibriados.
Cheibriados was most pleased with you.
You visited 2 branches of the dungeon, and saw 9 of its levels.

You collected 363 gold pieces.
You spent 33 gold pieces at shops.

Inventory:

Missiles
 B - 4 boomerangs (quivered)
 C - 2 poisoned darts
Armour
 j - a +0 robe
 q - a +0 helmet (worn)
 y - a +2 robe of willpower (worn)
Jewellery
 i - an amulet of regeneration (around neck)
 m - a +6 ring of dexterity (left claw)
 F - a ring of fire
 H - an amulet of the acrobat
Wands
 k - a wand of mindburst (31)
 n - a wand of flame (8)
 D - a wand of iceblast (9)
Scrolls
 d - a scroll of vulnerability {unknown}
 f - 5 scrolls of identify
 g - a scroll of enchant weapon
 o - a scroll of brand weapon {unknown}
 p - 4 scrolls of teleportation
 t - a scroll of blinking
 u - a scroll of magic mapping {unknown}
 v - a scroll of noise {unknown}
 x - a scroll of immolation
 z - a scroll of amnesia
 E - a scroll of summoning {unknown}
 G - a scroll of fear {unknown}
Potions
 a - a potion of might {unknown}
 b - a potion of magic
 c - a potion of curing
 e - a potion of ambrosia {unknown}
 h - 2 potions of mutation {unknown}
 l - a potion of cancellation {unknown}
 r - a potion of heal wounds {unknown}
 s - 3 potions of attraction {unknown}
 w - a potion of flight {unknown}
 A - a potion of berserk rage {unknown}


   Skills:
 * Level 5.6 Fighting
 + Level 0.3 Throwing
 * Level 4.5 Dodging
 + Level 2.3 Stealth
 * Level 5.4 Unarmed Combat
 * Level 6.6 Spellcasting
 * Level 8.6 Necromancy
 * Level 2.9 Translocations
 * Level 4.7 Invocations


You had 4 spell levels left.
You knew the following spells:

 Your Spells              Type           Power      Damage    Failure   Level
a - Pain                  Necr           100%       1d9       1%          1
b - Vampiric Draining     Necr           52%        2d9       1%          3
s - Animate Dead          Necr           26%        N/A       1%          4
x - Dispel Undead         Necr           52%        3d19      1%          4
z - Manifold Assault      Tloc           23%        N/A       47%         5

Your spell library contained the following spells:

 Spells                   Type           Power      Damage    Failure   Level
 Animate Skeleton         Necr           100%       N/A       1%          1
 Corpse Rot               Necr/Air       62%        N/A       1%          2
 Blink                    Tloc           46%        N/A       3%          2
 Lesser Beckoning         Tloc           23%        N/A       6%          3
 Ensorcelled Hibernation  Hex/Ice        16%        N/A       10%         2
 Passwall                 Tmut/Erth      6%         N/A       10%         2
 Ignite Poison            Fire/Tmut/Pois 8%         N/A       21%         3
 Mephitic Cloud           Conj/Pois/Air  8%         N/A       21%         3
 Swiftness                Air            8%         N/A       21%         3
 Agony                    Necr           52%        N/A       4%          5
 Death Channel            Necr           26%        N/A       28%         6
 Freezing Cloud           Conj/Ice/Air   4%         6-21      88%         5


Dungeon Overview and Level Annotations

Branches:
Dungeon (8/15)             Temple (1/1) D:5
   Lair: D:8-11

Altars:
Ashenzari
Cheibriados
Dithmenos
Elyvilon
Fedhas
Gozag
Hepliaklqana
Kikubaaqudgha
Makhleb
Nemelex Xobeh
Okawaru
Qazlal
Ru
Sif Muna
Trog
Vehumet
Wu Jian
Xom
Yredelemnul
Zin

Shops:
D:3 *   D:6 [

Annotations:
D:3 Sigmund, Terence
D:7 3 runed translucent doors, brujo666's ghost, novice OpBr


Innate Abilities, Weirdness & Mutations

You have very sharp fingernails.
You are mostly covered in molten scales. (AC +3)
You regenerate a little health from kills.
You sometimes gain a little power by taking damage.


Message History

Unknown command.
You start resting.
HP restored.
You start resting.
Your yak zombie crumbles into dust!
Magic restored.
An acid dragon comes into view.
Found 17 gold pieces.
You see here a scroll of immolation.
An acid dragon is nearby!
An acid dragon is nearby!
Found a scroll of teleportation and 12 gold pieces.
Found a scroll of identify.
The acid dragon roars!
The acid dragon bites you. The acid dragon claws you.
The acid dragon barely misses you. x2
A jelly comes into view.
You closely miss the acid dragon. The acid dragon bites you.
The acid dragon barely misses you.
You barely miss the acid dragon. The acid dragon bites you.
The acid dragon claws you.
You claw the acid dragon!
The acid dragon is moderately wounded.
The acid dragon bites you.
The acid dragon claws you but does no damage.
You claw the acid dragon!
The acid dragon is heavily wounded.
The acid dragon spits acid at you. The splash of acid hits you!!
The acid corrodes you!
Casting: Vampiric Draining (safe; 1% risk of failure)
Confirm with . or Enter, or press ? or * to list all spells.
Aiming: Vampiric Draining (safe; 1% risk of failure)
Press: ? - help, Shift-Dir - straight line, f - acid dragon
Aim: an acid dragon (heavily wounded)
You draw life force from the acid dragon!
You feel life coursing into your body. The acid dragon spits acid at you.
The splash of acid hits you!!
Ouch! That really hurt!
You die...

..... ......
.....####.....#
#.....#.#......
#?..........
#...........#..
###.......##....#
......D....#...#.
.......@.# ...#..
....$....##.....#
..............?# .
....J.......#.# .#
........#...# ...
........#.### ....
...#.#..#?#.#.....
.###.###..........
##..##...†#....


You could see an acid dragon (catching breath) and a jelly.

Vanquished Creatures
  2 yaks (D:8)
  A wraith (D:6)
  Menkaure (D:6)
  3 water moccasins
  A sky beast (D:7)
  2 black bears
  An ice beast (D:5)
  An orc warrior (D:7)
  An ogre (D:6)
  2 centaurs (D:6)
  3 phantoms
  A kobold brigand (D:6)
  4 necrophages
  A scorpion (D:4)
  2 bullfrogs
  5 wights (D:7)
  6 killer bees
  A jelly (D:7)
  5 orc priests
  A gnoll shaman (D:5)
  4 iguanas
  7 orc wizards
  Ijyb (D:3)
  13 gnolls
  8 adders
  3 shadow imps
  A white imp (D:5)
  An ufetubus (D:3)
  2 worms
  A dart slug (D:1)
  22 orcs
  5 ball pythons
  7 endoplasms
  6 giant cockroaches
  4 goblins
  5 hobgoblins
  7 jackals
  8 kobolds
  3 quokkas
  6 bats
  A frilled lizard (D:1)
  2 rats (D:3)
161 creatures vanquished.

Vanquished Creatures (collateral kills)
  A yak (D:8)
1 creature vanquished.

Vanquished Creatures (others)
  A fungus (D:7)
  3 plants (D:7)
4 creatures vanquished.

Grand Total: 166 creatures vanquished

Notes
Turn   | Place    | Note
-------+----------+-------------------------------------------
     0 | D:1      | Morbidden the Demonspawn Necromancer began the quest for
                  | the Orb.
     0 | D:1      | Reached XP level 1. HP: 13/13 MP: 3/3
   496 | D:1      | Gained mutation: You sometimes gain a little power by
                  | taking damage. [demonic ancestry]
   496 | D:1      | Reached XP level 2. HP: 9/20 MP: 0/5
   805 | D:1      | Found a faded altar of an unknown god.
  1314 | D:1      | Reached skill level 1 in Fighting
  1488 | D:1      | Gained mutation: You are partially covered in molten
                  | scales. (AC +2) [demonic ancestry]
  1488 | D:1      | Reached XP level 3. HP: 25/26 MP: 4/6
  1617 | D:2      | Reached skill level 5 in Necromancy
  1702 | D:2      | Learned a level 3 spell: Vampiric Draining
  2116 | D:2      | Gained mutation: You have sharp fingernails. [demonic
                  | ancestry]
  2116 | D:2      | Reached XP level 4. HP: 18/32 MP: 6/8
  3652 | D:3      | Found a broken altar of Ashenzari.
  3661 | D:3      | Noticed Ijyb
  3676 | D:3      | Killed Ijyb
  3677 | D:3      | Gained mutation: You regenerate a little health from kills.
                  | [demonic ancestry]
  3677 | D:3      | Reached XP level 5. HP: 17/37 MP: 1/10
  3917 | D:3      | Found a sparkling altar of Nemelex Xobeh.
  4208 | D:3      | Noticed Terence
  4252 | D:3      | Found an ornate altar of the Wu Jian Council.
  4292 | D:3      | Found Pepyrit's General Store.
  4299 | D:3      | Noticed Sigmund
  4300 | D:3      | Bought a scroll of teleportation for 33 gold pieces
  4589 | D:4      | Found a sacrificial altar of Ru.
  4760 | D:4      | Reached skill level 6 in Necromancy
  4760 | D:4      | Gained mutation: You have very sharp fingernails. [demonic
                  | ancestry]
  4760 | D:4      | Reached XP level 6. HP: 20/44 MP: 0/11
  4984 | D:4      | Noticed a water moccasin
  4995 | D:4      | Killed a water moccasin
  4996 | D:4      | Reached skill level 1 in Unarmed Combat
  5311 | D:5      | Entered Level 5 of the Dungeon
  5311 | D:5      | Found a staircase to the Ecumenical Temple.
  5328 | Temple   | Entered the Ecumenical Temple
  5543 | Temple   | Became a worshipper of Cheibriados the Contemplative
  5821 | D:5      | Reached XP level 7. HP: 51/51 MP: 9/13
  5827 | D:5      | Learned a level 5 spell: Manifold Assault
  6202 | D:6      | Reached skill level 1 in Invocations
  6224 | D:6      | Reached skill level 1 in Translocations
  6351 | D:6      | Reached skill level 5 in Spellcasting
  6351 | D:6      | Reached skill level 7 in Necromancy
  6351 | D:6      | Gained mutation: You are mostly covered in molten scales.
                  | (AC +3) [demonic ancestry]
  6351 | D:6      | Reached XP level 8. HP: 58/58 MP: 5/15
  6387 | D:6      | Noticed Menkaure
  6396 | D:6      | Killed Menkaure
  6423 | D:6      | Found a shadowy altar of Dithmenos.
  6602 | D:6      | Reached * piety under Cheibriados
  6725 | D:6      | Found Omuonn's Armour Shoppe.
  7343 | D:5      | Reached XP level 9. HP: 58/65 MP: 9/17
  7461 | D:5      | Found an ancient bone altar of Kikubaaqudgha.
  7468 | D:5      | Reached skill level 8 in Necromancy
  7553 | D:5      | Reached ** piety under Cheibriados
  8120 | D:7      | Reached skill level 5 in Fighting
  8502 | D:7      | Reached skill level 5 in Unarmed Combat
  8633 | D:7      | Learned a level 4 spell: Dispel Undead
  8638 | D:7      | Learned a level 4 spell: Animate Dead
  8755 | D:7      | Found a faded altar of an unknown god.
  8755 | D:7      | Found a hazy altar of Hepliaklqana.
  8762 | D:7      | Found a bloodstained altar of Trog.
  8764 | D:7      | Found a burning altar of Makhleb.
  8766 | D:7      | Found a faded altar of an unknown god.
  8935 | D:7      | Found a blossoming altar of Fedhas.
  9122 | D:7      | Found a runed translucent gate.
  9125 | D:7      | Found a runed translucent gate.
  9125 | D:7      | Found a runed translucent gate.
  9126 | D:7      | Noticed a kobold demonologist
  9127 | D:7      | Noticed brujo666's ghost (novice OpBr)
  9436 | D:8      | Reached *** piety under Cheibriados
  9558 | D:8      | Killed from afar by an acid dragon

Illustrated notes

Levels and vault maps discovered:
D:1:      lemuel_arrival_funnel, layout_loops_ring,
          shapermc_ecumenical_altar_mp_vishouse, chequers_serial_rivers_micro_b,
          chequers_serial_rivers_micro_c
D:2:      layout_loops_ring
D:3:      layout_basic, mainiacjoe_overflow_alcove_1,
          nemelex_diamond_rough_becter, mainiacjoe_overflow_divided_tiny,
          serial_shops, nicolae_shop_crystal, uniq_sigmund, uniq_terence,
          uniq_ijyb
D:4:      layout_basic, nicolae_ru_sacrificial_ziggurat
D:5:      layout_cave_pools, kiku_gazebo_pond_becter, minmay_temple_entry_glass
D:6:      layout_basic, mainiacjoe_overflow_six_doors_small, serial_shops, shop,
          minmay_manual_mares, uniq_menkaure
D:7:      layout_gridville, mainiacjoe_overflow_cross_hatched,
          chequers_temple_overflow_minitemple, gammafunk_ghost_nasty_kobolds,
          chequers_serial_rivers_micro_b
D:8:      layout_cave_pools, serial_shops, nicolae_shop_hallway_stairs,
          minmay_misc_feat_more_columns, minmay_misc_feat_diagonals
Temple:   jpeg_temple_island

Skill      XL: |  1  2  3  4  5  6  7  8  9 |
---------------+----------------------------+-----
Dodging        | 2 3 4 |  4.5
Fighting       | 1 2 3 4 5 |  5.6
Necromancy     | 5 6 7 8 |  8.6
Spellcasting   | 3 4 5 6 |  6.6
Stealth        | 2 |  2.3
Unarmed Combat | 1 2 4 5 |  5.4
Invocations    | 1 3 4 |  4.7
Translocations | 1 2 |  2.9
Throwing       | |  0.3

Action                   |  1- 3 |  4- 6 |  7- 9 || total
-------------------------+-------+-------+-------++-------
Melee: Unarmed           |     3 |    78 |   290 ||   371
       Punch             |       |       |    18 ||    18
Throw: Dart              |       |       |     4 ||     4
       Boomerang         |       |       |     2 ||     2
 Cast: Pain              |    65 |    77 |    45 ||   187
       Vampiric Draining |       |    10 |    53 ||    63
       Animate Dead      |       |       |     3 ||     3
  Use: Scroll            |       |     1 |     4 ||     5
       Potion            |       |     1 |       ||     1
 Stab: Sleeping          |       |     1 |       ||     1
Armor: Robe              |     5 |    25 |   144 ||   174
Dodge: Dodged            |    12 |    64 |   267 ||   343

Table legend: (Time is in decaauts)
 A = Elapsed time spent in this place.
 B = Non-inter-level travel time spent in this place.
 C = Inter-level travel time spent in this place.
 D = Time resting spent in this place.
 E = Time spent auto-exploring this place.
 F = Levels seen in this place.
 G = Mean time per level.
                   A        B        C        D        E       F      G
               +--------+--------+--------+--------+--------+-----+--------+
         Total |  10365 |   9863 |    502 |   1701 |   6633 |   9 | 1151.7 |
       Dungeon |  10107 |   9643 |    464 |   1541 |   6601 |   8 | 1263.4 |
        Temple |    258 |    220 |     38 |    160 |     32 |   1 |  258.0 |
               +--------+--------+--------+--------+--------+-----+--------+

Top non-repeatable levels by time:
     D:1: 1917 daAuts
     D:2: 1699 daAuts
     D:7: 1675 daAuts
     D:5: 1480 daAuts
     D:6: 1404 daAuts
     D:4: 970 daAuts
     D:3: 723 daAuts
  Temple: 258 daAuts
     D:8: 235 daAuts
